 Dungeon Crawl Stone Soup version 0.29-a0-664-gff9cad4a3d (webtiles) character file.

Game seed: 9637225009886602726

678 DocClef the Cudgeller (level 7, -3/59 HPs)
             Began as a Formicid Fighter on June 22, 2022.
             Was an Initiate of Hepliaklqana.
             Slain by a gnoll sergeant
             ... wielding a +2 trident of venom
              (8 damage)
             ... on level 6 of the Dungeon.
             The game lasted 00:04:15 (6526 turns).

DocClef the Cudgeller (Formicid Fighter)            Turns: 6526, Time: 00:04:16

Health: -3/59      AC:  8    Str: 20 (23) XL:     7   Next: 91%
Magic:  7/7        EV:  9    Int:  6 (7)  God:    Hepliaklqana [......]
Gold:   391        SH:  5    Dex: 16 (19) Spells: 6/6 levels left

rFire   . . .      SeeInvis +   y - +6 mace of Responsibility {vamp, rN+ Will+}
rCold   . . .      Faith    .   c - +0 buckler
rNeg    + . .      Spirit   .   b - +0 scale mail
rPois   .          Reflect  .   (helmet unavailable)
rElec   .          Harm     .   (no cloak)
rCorr   .          Rampage  .   v - +0 pair of gloves
Will    +....                   (no boots)
Stlth   ..........              q - amulet of the acrobat
HPRegen 0.19/turn               h - +6 ring of dexterity
MPRegen 0.10/turn               (no ring)

@: lethally poisoned (-3 -> -8)
A: permanent stasis, dig shafts and tunnels, antennae 3, four strong arms
a: Dig, Shaft Self, Renounce Religion


You were on level 6 of the Dungeon.
You worshipped Hepliaklqana.
Hepliaklqana was noncommittal.
You visited 2 branches of the dungeon, and saw 7 of its levels.

You collected 391 gold pieces.

Inventory:

Hand Weapons
 a - a +0 flail
 w - a +2 morningstar of holy wrath
 y - the +6 mace of Responsibility (weapon) {vamp, rN+ Will+}
   (You found it on level 5 of the Dungeon)

   It occasionally heals its wielder for a portion of the damage dealt when it
   wounds a living foe.
   rN:        It protects you from negative energy.
   Will:      It increases your willpower.
Armour
 b - a +0 scale mail (worn)
 c - a +0 buckler (worn)
 v - a +0 pair of gloves (worn)
Jewellery
 h - a +6 ring of dexterity (left hand)
 q - an amulet of the acrobat (around neck)
Wands
 t - a wand of flame (5)
Scrolls
 e - 2 scrolls of magic mapping {unknown}
 g - 2 scrolls of vulnerability {unknown}
 i - 3 scrolls of teleportation {unknown}
 j - a scroll of enchant armour {unknown}
 k - 6 scrolls of identify {unknown}
 m - a scroll of noise {unknown}
 p - 2 scrolls of enchant weapon {unknown}
 s - a scroll of immolation {unknown}
 u - a scroll of silence {unknown}
 x - a scroll of poison {unknown}
 C - a scroll of fear {unknown}
Potions
 d - 2 potions of might
 f - 3 potions of brilliance
 o - a potion of lignification {unknown}
 r - 2 potions of berserk rage {unknown}
 z - a potion of flight {unknown}
 A - a potion of haste {unknown}
 B - a potion of heal wounds {unknown}
 D - a potion of mutation {unknown}
 E - a potion of attraction {unknown}


   Skills:
 - Level 6.4 Fighting
 + Level 6.5 Maces & Flails
 - Level 3.2 Armour
 - Level 4.0 Shields


You had 6 spell levels left.
You didn't know any spells.
Your spell library contained the following spells:

 Spells                   Type           Power      Damage    Failure   Level
 Apportation              Tloc           0%         N/A       86%         1
 Magic Dart               Conj           0%         1d3       86%         1
 Searing Ray              Conj           0%         2d4       95%         2
 Conjure Flame            Conj/Fire      0%         6-21      99%         3
 Ignite Poison            Fire/Tmut/Pois 0%         N/A       99%         3
 Fulminant Prism          Conj/Hex       0%         3d6       100%        4
 Sticky Flame             Conj/Fire      0%         2d3       100%        4
 Alistair's Intoxication  Tmut/Pois      0%         N/A       100%        5


Dungeon Overview and Level Annotations

Branches:
Dungeon (6/15)             Temple (1/1) D:6

Altars:
Ashenzari
Cheibriados
Dithmenos
Elyvilon
Fedhas
Gozag
Hepliaklqana
Kikubaaqudgha
Makhleb
Nemelex Xobeh
Okawaru
Qazlal
Ru
Sif Muna
Trog
Uskayaw
Vehumet
Wu Jian
Xom
Yredelemnul
Zin
The Shining One

Shops:
D:1 :


Innate Abilities, Weirdness & Mutations

You cannot be hasted, slowed, berserked, paralysed or teleported.
You can dig through walls and to a lower floor.
You have a pair of large antennae on your head. (SInv)
Your four strong arms can wield two-handed weapons with a shield.


Message History

You barely miss the gnoll sergeant.
The gnoll sergeant is moderately wounded.
You feel very sick.
The gnoll sergeant hits you with a +2 trident of venom!
The gnoll closely misses you.
You are too injured to fight recklessly!
You are too injured to fight recklessly!
You hit the gnoll sergeant.
You feel better.
The gnoll sergeant is heavily wounded.
You feel very sick.
The gnoll sergeant hits you with a +2 trident of venom.
The gnoll hits you from afar with a +0 halberd!
* * * LOW HITPOINT WARNING * * *
Unknown command.
You hit the gnoll sergeant but do no damage.
The gnoll sergeant is heavily wounded.
You feel very sick.
The gnoll sergeant hits you with a +2 trident of venom.
* * * LOW HITPOINT WARNING * * *
You are lethally poisoned!
The gnoll barely misses you. You block the gnoll sergeant's attack.
The gnoll hits you from afar with a +0 halberd!
* * * LOW HITPOINT WARNING * * *
You feel better.
The gnoll sergeant hits you with a +2 trident of venom.
* * * LOW HITPOINT WARNING * * *
The gnoll hits you from afar with a +0 halberd.
* * * LOW HITPOINT WARNING * * *
You feel better.
The gnoll sergeant hits you with a +2 trident of venom.
* * * LOW HITPOINT WARNING * * *
You are lethally poisoned!
The gnoll closely misses you.
It was a potion of degeneration.
There was something very wrong with that liquid.
You feel weakened.
You feel dopey.
You feel clumsy.
* * * LOW HITPOINT WARNING * * *
You feel sick.
The gnoll sergeant hits you with a +2 trident of venom!
You die...

..# ## >.# ..# ..#### #.#
.....### ### #.# ........ ..# #[#
### ..PPPP... #.# #.# ##.#####
......PP.##.# ##.## #.......
.....PPPg.#g#######..<#####.#####
..........googgg@...........#
.P......o##########...#######
........ ##.############ .....P.
#[))........... #.....
#).#####....... ## #..# #.######
############..#####.######
..................#.#.....
#######.####.####.#.#.####


You could see a gnoll sergeant, an orc wizard, 4 gnolls and an orc.

Vanquished Creatures
  An ogre (D:6)
  Blork the orc (D:4)
  A howler monkey (D:6)
  2 orc priests
  A jelly (D:6)
  2 hounds
  2 gnoll shamans (D:6)
  2 iguanas (D:4)
  An orc wizard (D:4)
  Robin (D:4)
  4 adders
  7 gnolls
  2 ufetubi (D:5)
  2 dart slugs
  4 orcs
  A ball python (D:3)
  9 endoplasms
  15 goblins
  9 hobgoblins
  2 quokkas
  7 bats
  3 frilled lizards
  8 kobolds
  4 rats
91 creatures vanquished.

Vanquished Creatures (others)
  A goblin (D:4)
  13 plants (D:6)
14 creatures vanquished.

Grand Total: 105 creatures vanquished

Notes
Turn   | Place    | Note
-------+----------+-------------------------------------------
     0 | D:1      | DocClef the Formicid Fighter began the quest for the Orb.
     0 | D:1      | Reached XP level 1. HP: 18/18 MP: 1/1
    65 | D:1      | Found a faded altar of an unknown god.
   251 | D:1      | Reached XP level 2. HP: 25/25 MP: 2/2
   427 | D:1      | Reached XP level 3. HP: 17/31 MP: 3/3
   573 | D:1      | Found Neomn's Book Shoppe.
  1464 | D:2      | Reached skill level 5 in Fighting
  1494 | D:2      | Reached XP level 4. HP: 35/39 MP: 4/4
  1629 | D:2      | Identified the +0 helmet "Duawuw" {Regen+ Stlth+}
  2969 | D:4      | Noticed Blork the orc
  2982 | D:4      | Killed Blork the orc
  2983 | D:4      | Reached XP level 5. HP: 9/47 MP: 5/5
  3290 | D:4      | Noticed Robin
  3653 | D:4      | Killed Robin
  3943 | D:4      | Reached XP level 6. HP: 46/53 MP: 6/6
  4496 | D:5      | Entered Level 5 of the Dungeon
  4822 | D:5      | Found a hide-covered altar of Uskayaw.
  4822 | D:5      | Found a glowing golden altar of the Shining One.
  4870 | D:5      | Identified the +6 mace of Responsibility {vamp, rN+ Will+}
  5309 | D:6      | Reached XP level 7. HP: 57/59 MP: 7/7
  5314 | D:6      | Reached skill level 5 in Maces & Flails
  5470 | D:6      | Found a staircase to the Ecumenical Temple.
  5528 | Temple   | Entered the Ecumenical Temple
  5845 | Temple   | Became a worshipper of Hepliaklqana the Forgotten
  6523 | D:6      | HP: 1/59 [gnoll/+0 halberd[a gnoll sergeant] (10)]
  6526 | D:6      | Slain by a gnoll sergeant

Illustrated notes

Levels and vault maps discovered:
D:1:      minmay_arrival_wavy_path, layout_loops_cross, serial_shops,
          nicolae_shop_behind_doors,
          hellmonk_ecumenical_altar_pennies_from_heaven,
          ebering_dispersal_statue_hall
D:2:      layout_rooms, amcnicky_mini_corridor_feature
D:3:      layout_basic, chequers_serial_rivers_small_3
D:4:      layout_basic, uniq_blork_the_orc, uniq_robin
D:5:      layout_basic, gammafunk_temple_overflow_statue, bh_walls_and_bars
D:6:      layout_loops_ring, minmay_temple_entry_ruins, nicolae_grassy_gnolls
Temple:   mainiacjoe_temple_cubbyholes

Skill      XL: |  1  2  3  4  5  6  7 |
---------------+----------------------+-----
Fighting       | 4 5 6 |  6.4
Maces & Flails | 3 4 6 |  6.5
Armour         | |  3.2
Shields        | |  4.0

Action                   |  1- 3 |  4- 6 |  7- 9 || total
-------------------------+-------+-------+-------++-------
Melee: Flail             |    88 |    96 |       ||   184
       Morningstar       |       |    49 |       ||    49
       Mace              |       |     2 |    44 ||    46
  Use: Potion            |       |       |     5 ||     5
Armor: Scale mail        |    37 |    58 |    31 ||   126
Dodge: Dodged            |    46 |    74 |    46 ||   166
Block: Buckler           |    29 |    49 |    28 ||   106

Table legend: (Time is in decaauts)
 A = Elapsed time spent in this place.
 B = Non-inter-level travel time spent in this place.
 C = Inter-level travel time spent in this place.
 D = Time resting spent in this place.
 E = Time spent auto-exploring this place.
 F = Levels seen in this place.
 G = Mean time per level.
                   A        B        C        D        E       F      G
               +--------+--------+--------+--------+--------+-----+--------+
         Total |   6615 |   6372 |    243 |    783 |   4782 |   7 |  945.0 |
       Dungeon |   6261 |   6080 |    181 |    783 |   4496 |   6 | 1043.5 |
        Temple |    353 |    291 |     62 |      0 |    286 |   1 |  353.0 |
               +--------+--------+--------+--------+--------+-----+--------+

Top non-repeatable levels by time:
     D:3: 1395 daAuts
     D:4: 1355 daAuts
     D:1: 1084 daAuts
     D:5: 1059 daAuts
     D:2: 736 daAuts
     D:6: 629 daAuts
  Temple: 353 daAuts
